 Dungeon Crawl Stone Soup version 0.30-a0-23-ge60ba3568b (webtiles) character file.

Game seed: 3764940574283921869

1092 SensoryNuts the Cleaver (level 8, -2/54 (68) HPs)
             Began as a Hill Orc Fighter on Aug 24, 2022.
             Slain by a wight
             ... wielding a +2 falchion
              (5 damage)
             ... on level 6 of the Dungeon.
             The game lasted 00:07:18 (5721 turns).

SensoryNuts the Cleaver (Hill Orc Fighter)          Turns: 5721, Time: 00:07:19

HP:   -2/54 (68)    AC:  7    Str: 19    XL:     8   Next: 31%
MP:   8/8           EV:  9    Int:  8    God:
Gold: 288           SH:  4    Dex: 12    Spells: 7/7 levels left

rFire   + . .      SeeInvis +    a - +0 war axe
rCold   . . .      Faith    .    c - +0 buckler
rNeg    . . .      Spirit   .    b - +0 scale mail
rPois   .          Reflect  .    (no helmet)
rElec   .          Harm     .    (no cloak)
rCorr   .          Rampage  .    (no gloves)
Will    .....                    (no boots)
Stlth   ..........               p - amulet of the acrobat
HPRegen 0.18/turn                k - ring of see invisible
MPRegen 0.11/turn                (no ring)

@: heavily drained
A: fire resistance 1
a: no special abilities


You were on level 6 of the Dungeon.
You visited 2 branches of the dungeon, and saw 7 of its levels.

You collected 288 gold pieces.

Inventory:

Hand Weapons
 a - a +0 war axe (weapon)
Missiles
 g - a throwing net (quivered)
Armour
 b - a +0 scale mail (worn)
 c - a +0 buckler (worn)
 j - a +0 pair of boots
 u - a +0 cloak
Jewellery
 e - a ring of wizardry
 k - a ring of see invisible (left hand)
 p - an amulet of the acrobat (around neck)
Wands
 n - a wand of light (7)
 r - a wand of roots (10)
Scrolls
 m - a scroll of magic mapping
 o - 2 scrolls of immolation
 q - 2 scrolls of poison
Potions
 d - a potion of flight
 i - 3 potions of mutation
 l - a potion of cancellation


   Skills:
 + Level 5.2 Fighting
 * Level 9.8 Axes
 + Level 6.0 Armour
 + Level 1.1 Dodging
 + Level 0.3 Stealth
 + Level 3.7 Shields


You had 7 spell levels left.
You didn't know any spells.
Your spell library was empty.

Dungeon Overview and Level Annotations

Branches:
Dungeon (6/15)             Temple (1/1) D:4

Altars:
Ashenzari
Dithmenos
Gozag
Kikubaaqudgha
Makhleb
Nemelex Xobeh
Okawaru
Qazlal
Ru
Sif Muna
Trog
Uskayaw
Vehumet
Xom
Yredelemnul
Zin
The Shining One


Innate Abilities, Weirdness & Mutations

Your flesh is heat resistant. (rF+)


Message History

* * * LOW HITPOINT WARNING * * *
You completely miss the wight.
The wight is lightly damaged.
The wight hits you with a +2 falchion!
* * * LOW HITPOINT WARNING * * *
You hit the wight but do no damage.
The wight is lightly damaged.
The wight barely misses you. The wight hits you with a +2 falchion.
* * * LOW HITPOINT WARNING * * *
You feel better. You block the wight's attack.
You hit the wight.
The wight is moderately damaged.
The wight barely misses you.
You hit the wight but do no damage.
The wight is moderately damaged.
The wight hits you with a +2 falchion!
* * * LOW HITPOINT WARNING * * *
You feel drained.
* * * LOW HITPOINT WARNING * * *
Okay, then.
Okay, then.
The wight attacks as you move away! You block the wight's attack.
Okay, then.
Really read the scroll of poison?
You can't even see any enemies this would affect.
The air fills with toxic fumes!
As you read the scroll of poison, it crumbles to dust.
The wight closely misses you.
You barely miss the wight.
The wight is moderately damaged.
The wight hits you with a +2 falchion.
* * * LOW HITPOINT WARNING * * *
Unknown command.
Sorry, you're not good enough to have a special ability.
Unknown command.
You hit the wight but do no damage.
The wight is moderately damaged.
You hit the wight but do no damage.
The wight is moderately damaged.
The wight hits you with a +2 falchion.
You die...

... ..#+######
#..$.....# ≈ ........
≈~####.....
.......).#
.....§§§######
.....§§§§)§zz#
...$...)####@########
.....§§§§§§§§§§§§§§§.
.....§§§####§########
........# #§§§......#
######### #§§######..
#########§§#
.......<§§§#
##########§# +.#


You could see 2 wights.

Vanquished Creatures
  A water moccasin (D:5)
  A black bear (D:5)
  An ogre (D:5)
  2 phantoms (D:5)
  A necrophage (D:5)
  A scorpion (D:4)
  2 wights (D:6)
  A howler monkey (D:5)
  2 gnoll boudas
  A hound (D:5)
  A jelly (D:5)
  Ijyb (D:3)
  An iguana (D:5)
  7 gnolls
  5 adders
  A shadow imp (D:6)
  An ufetubus (D:5)
  2 worms
  3 dart slugs
  12 orcs
  12 ball pythons
  10 endoplasms
  3 giant cockroaches
  4 goblins
  3 hobgoblins (D:2)
  2 quokkas
  12 bats
  6 frilled lizards
  8 kobolds
  8 rats
115 creatures vanquished.

Notes
Turn   | Place    | Note
-------+----------+-------------------------------------------
     0 | D:1      | SensoryNuts the Hill Orc Fighter began the quest for the
                  | Orb.
     0 | D:1      | Reached XP level 1. HP: 19/19 MP: 1/1
   249 | D:1      | Found a faded altar of an unknown god.
   331 | D:1      | Reached skill level 3 in Axes
   331 | D:1      | Reached XP level 2. HP: 24/27 MP: 2/2
   727 | D:1      | Reached XP level 3. HP: 29/33 MP: 3/3
  1119 | D:2      | Reached skill level 4 in Axes
  1344 | D:2      | Found a sparkling altar of Nemelex Xobeh.
  1458 | D:2      | Reached XP level 4. HP: 40/40 MP: 4/4
  2059 | D:3      | Noticed Ijyb
  2073 | D:3      | Killed Ijyb
  2074 | D:3      | Reached skill level 5 in Axes
  2074 | D:3      | Reached XP level 5. HP: 20/47 MP: 5/5
  2663 | D:4      | Found a staircase to the Ecumenical Temple.
  2692 | Temple   | Entered the Ecumenical Temple
  2896 | D:4      | Reached skill level 6 in Axes
  2924 | D:4      | Gained mutation: Your flesh is heat resistant. (rF+)
                  | [potion of mutation]
  2925 | D:4      | HP: 1/47 [gnoll/+0 spear[a gnoll bouda] (3)]
  3287 | D:4      | Reached XP level 6. HP: 30/53 MP: 6/6
  3901 | D:4      | Found a glowing silver altar of Zin.
  4148 | D:5      | Entered Level 5 of the Dungeon
  4155 | D:5      | Noticed a black bear
  4165 | D:5      | Killed a black bear
  4166 | D:5      | Reached skill level 7 in Axes
  4316 | D:5      | Reached XP level 7. HP: 60/60 MP: 7/7
  4393 | D:5      | Reached skill level 5 in Fighting
  4393 | D:5      | Reached skill level 8 in Axes
  4799 | D:5      | Reached skill level 5 in Armour
  4821 | D:5      | Reached skill level 9 in Axes
  4882 | D:5      | Reached XP level 8. HP: 28/68 MP: 8/8
  4924 | D:5      | Reached skill level 1 in Dodging
  5721 | D:6      | Slain by a wight

Illustrated notes

Levels and vault maps discovered:
D:1:      dpeg_arrival_short_road, layout_loops_ring,
          dreamdust_ecumenical_altar_grove
D:2:      layout_loops_ring, basic_altar, minmay_tromino_v2
D:3:      layout_basic, uniq_ijyb
D:4:      layout_loops_cross, zin_treasury, minmay_temple_entry_mist
D:5:      layout_layer_cave
D:6:      nicolae_whirlpool, layout_basic, kennysheep_mini,
          gup_sewer_entry_pipe, serial_shops, shop, uniq_crazy_yiuf_cottage
Temple:   nicolae_temple_superstar

Skill      XL: |  1  2  3  4  5  6  7  8 |
---------------+-------------------------+-----
Axes           | 3 4 5 6 7 9 |  9.8
Fighting       | 4 5 |  5.2
Armour         | 4 5 6 |  6.0
Dodging        | 1 |  1.1
Stealth        | |  0.3
Shields        | |  3.7

Action                   |  1- 3 |  4- 6 |  7- 9 || total
-------------------------+-------+-------+-------++-------
Melee: War axe           |   143 |   138 |   116 ||   397
  Use: Potion            |     4 |     8 |     9 ||    21
       Scroll            |     2 |     6 |     2 ||    10
Armor: Scale mail        |    91 |    63 |    30 ||   184
Dodge: Dodged            |    82 |    57 |    57 ||   196
Block: Buckler           |    39 |    31 |    30 ||   100

Table legend: (Time is in decaauts)
 A = Elapsed time spent in this place.
 B = Non-inter-level travel time spent in this place.
 C = Inter-level travel time spent in this place.
 D = Time resting spent in this place.
 E = Time spent auto-exploring this place.
 F = Levels seen in this place.
 G = Mean time per level.
                   A        B        C        D        E       F      G
               +--------+--------+--------+--------+--------+-----+--------+
         Total |   5803 |   5427 |    376 |    238 |   4252 |   7 |  829.0 |
       Dungeon |   5663 |   5312 |    351 |    238 |   4152 |   6 |  943.8 |
        Temple |    139 |    114 |     25 |      0 |    100 |   1 |  139.0 |
               +--------+--------+--------+--------+--------+-----+--------+

Top non-repeatable levels by time:
     D:5: 1456 daAuts
     D:1: 1153 daAuts
     D:4: 1103 daAuts
     D:3: 1014 daAuts
     D:2: 807 daAuts
  Temple: 139 daAuts
     D:6: 129 daAuts
